 Dungeon Crawl Stone Soup version 0.18.1-50-g88ac8fd (webtiles) character file.

13043 Gemmine the Nimble (level 11, -7/109 HPs)
             Began as a Troll Berserker on Feb 6, 2017.
             Was a High Priest of Trog.
             Engulfed by a cloud of freezing vapour (28 damage)
             ... in an ice cave.
             The game lasted 00:59:53 (12419 turns).

Gemmine the Nimble (Troll Berserker)               Turns: 12419, Time: 00:59:54

Health: -7/109     AC: 17    Str: 30    XL:     11   Next: 70%
Magic:  10/10      EV: 14    Int:  5    God:    Trog [*****.]
Gold:   597        SH:  0    Dex:  9    Spells: 0 memorised, 10 levels left

rFire  . . .     SeeInvis +     O - +7 triple sword "Vesioba" {drain, rElec Int+2}
rCold  . . .     Gourm    +     C - +2 robe {rN+}
rNeg   + + .     Faith    .     (shield currently unavailable)
rPois  .         Spirit   .     R - +0 hat
rElec  +         Dismiss  .     e - +2 cloak
rCorr  .         Reflect  .     (gloves unavailable)
SustAt .         Harm     .     (boots unavailable)
MR     +++..     Clarity  +     o - amulet of the Four Winds {rN+ MR+++ Clar}
Stlth  +.........               G - ring of see invisible
                                M - +5 ring of protection

@: exhausted, slowed, studying Crossbows, very slow, extremely resistant to
hostile enchantments, very unstealthy
A: unfitting armour, claws 3, yellow scales 1, fast metabolism 3, gourmand,
regeneration 2, shaggy fur 1, tough skin 2
a: Berserk, Trog's Hand, Brothers in Arms, Burn Spellbooks, Renounce Religion


You were in an ice cave.
You worshipped Trog.
Trog was extremely pleased with you.
You were not hungry.

You visited 3 branches of the dungeon, and saw 13 of its levels.
You also visited: Sewer, Ossuary and Ice Cave.

You collected 597 gold pieces.

Inventory:

Hand Weapons
 a - a +1 falchion
 q - a +0 blowgun
 w - a +0 hand crossbow
 y - a cursed -1 quarterstaff
 D - the +6 hand axe "Zett" {pain, *Rage rF+ MP+9}
   (You found it on level 5 of the Dungeon)

   In the hands of one skilled in necromantic magic, it inflicts extra damage on
   living creatures.
   It protects you from fire.
   It affects your magic capacity (+9).
   It may make you go berserk in combat.
 O - the +7 triple sword "Vesioba" (weapon) {drain, rElec Int+2}
   (Trog gifted it to you on level 10 of the Dungeon)

   A truly terrible weapon, it drains the life of those it strikes.
   It affects your intelligence (+2).
   It insulates you from electricity.
Missiles
 d - 486 stones (quivered)
 g - 17 sling bullets
 j - 17 tomahawks
 r - 5 steel javelins
 s - 49 poisoned needles
 x - 170 bolts
Armour
 e - a +2 cloak (worn)
 C - a +2 robe of positive energy (worn)
 R - a +0 hat (worn)
Jewellery
 o - the amulet of the Four Winds (around neck) {rN+ MR+++ Clar}
   (You found it on level 7 of the Dungeon)

   [amulet of nothing]

   It protects you from negative energy.
   It affects your resistance to hostile enchantments.
   It protects you against confusion.
 G - a ring of see invisible (right claw)
 M - a +5 ring of protection (left claw)
Scrolls
 i - 3 scrolls of teleportation
 k - 8 scrolls of remove curse
 z - 2 scrolls of fear
 E - a scroll of recharging
 F - 5 scrolls of identify
 J - 2 scrolls of fog
Potions
 b - 2 potions of brilliance
 h - 4 potions of might
 l - 6 potions of flight
 m - 3 potions of agility
 n - 2 potions of invisibility
 p - 8 potions of curing
 t - a potion of cure mutation
 A - 2 potions of haste
 B - a potion of resistance
 H - 2 potions of berserk rage
Books
 N - a manual of Crossbows
Comestibles
 c - 10 bread rations
 f - 4 meat rations
 u - a royal jelly
 v - 15 fruits
 K - 2 beef jerkies
 L - a slice of pizza


   Skills:
 + Level 7.4 Fighting
 + Level 7.9 Long Blades
 + Level 2.0 Throwing
 + Level 11.7 Dodging
 + Level 2.3 Stealth


You had 10 spell levels left.
You didn't know any spells.

Dungeon Overview and Level Annotations

Branches:
Dungeon (10/15)            Temple (1/1) D:7            Lair (2/8) D:10
    Orc (0/2) D:10

Altars:
Ashenzari
Cheibriados
Dithmenos
Elyvilon
Fedhas
Gozag
Kikubaaqudgha
Makhleb
Nemelex Xobeh
Okawaru
Pakellas
Qazlal
Ru
Sif Muna
Trog
Vehumet
Xom
Yredelemnul
Zin
The Shining One

Shops:
D:4 (


Innate Abilities, Weirdness & Mutations

You are too large for most types of armour.
You have claws for hands.
Your metabolism is lightning-fast.
You like to eat raw meat.
You heal very quickly.
You are covered in fur (AC +1).
You have very tough skin (AC +2).
You are partially covered in yellow scales (AC +2).


Message History

The polar bear is almost dead.
The polar bear barely misses you. The polar bear closely misses you.
The polar bear barely misses you. The polar bear misses you.
The polar bear closely misses you.
The polar bear claws you but does no damage.
Unknown command.
You slice the polar bear!!
You kill the polar bear!
Trog accepts your kill.
You are no longer berserk.
You are exhausted.
You feel yourself slow down. The polar bear misses you.
The polar bear completely misses you. The polar bear misses you.
You are engulfed in freezing vapours.
* * * LOW HITPOINT WARNING * * *
The polar bear is engulfed in freezing vapours.
You barely miss the polar bear.
The polar bear is severely wounded.
You are engulfed in freezing vapours.
You die...

### #..#######
#.∩....#.##
#..††....### #
###.†......## .#
.
####.###.@#.#...#
### ##h§§§.#
##§§§## #§## ##


You could see a polar bear.

Vanquished Creatures
  Gastronok (Lair:1)
  Pikel (D:5)
  A hill giant (D:10)
  3 spiny frogs (Lair:1)
  A rime drake (Lair:2)
  3 komodo dragons (Lair:1)
  2 polar bears (IceCv)
  Grinder (D:5)
  2 spriggans
  3 wyverns (D:10)
  2 yaks
  A shadow (D:8)
  A wraith (D:10)
  A hippogriff (D:10)
  Menkaure (D:5)
  Duvessa (D:4)
  A water moccasin (Lair:1)
  A porcupine (Lair:1)
  2 orc warriors (D:10)
  2 sky beasts
  12 ice beasts
  2 slaves (D:5)
  2 black bears
  3 phantoms
  4 ogres
  A wolf (IceCv)
  7 centaurs
  2 big kobolds
  8 giant frogs
  A gnoll sergeant (D:8)
  Dowan (D:4)
  2 water moccasin zombies (Ossuary)
  2 scorpions
  5 howler monkeys
  A killer bee (D:9)
  4 crimson imps
  3 giant frog zombies
  A jelly (D:7)
  A quasit (D:9)
  2 centaur zombies
  3 hounds
  4 orc priests
  A giant frog skeleton (D:10)
  A centaur skeleton (D:7)
  4 iguanas
  A human skeleton (D:9)
  4 orc wizards (D:10)
  A worker ant (D:8)
  A big kobold zombie (Ossuary)
  3 mummies
  5 gnolls
  16 adders
  21 river rats
  A shadow imp (D:10)
  2 oozes (D:3)
  5 adder zombies (Ossuary)
  An adder skeleton (D:9)
  A worm (D:5)
  8 giant geckos
  32 orcs
  5 bats
  4 giant cockroaches
  21 goblins
  19 hobgoblins
  7 jackals
  36 kobolds
  3 quokkas
  2 ball pythons (Sewer)
  10 giant newts
  2 gnoll zombies (Ossuary)
  2 goblin zombies
  6 hobgoblin zombies (Ossuary)
  6 kobold zombies
  3 orc zombies (Ossuary)
  25 rats
  A fungus (Lair:1)
  A plant (D:5)
363 creatures vanquished.

Vanquished Creatures (collateral kills)
  2 yaks (IceCv)
  2 wolves (IceCv)
4 creatures vanquished.

Vanquished Creatures (others)
  A polar bear (IceCv)
  A human (D:9)
  A giant frog (D:9)
  An iguana (D:5)
  A worker ant (D:9)
5 creatures vanquished.

Grand Total: 372 creatures vanquished

Notes
Turn   | Place    | Note
--------------------------------------------------------------
     0 | D:1      | Gemmine the Troll Berserker began the quest for the Orb.
     0 | D:1      | Reached XP level 1. HP: 22/22 MP: 0/0
   137 | D:1      | Reached XP level 2. HP: 27/29 MP: 1/1
   935 | D:2      | Reached XP level 3. HP: 32/36 MP: 2/2
   944 | D:2      | Reached skill level 3 in Dodging
   983 | D:2      | Reached ** piety under Trog
  1107 | D:2      | Found a faded altar to an unknown god.
  1604 | D:3      | Reached XP level 4. HP: 44/44 MP: 3/3
  1853 | D:3      | Reached skill level 1 in Throwing
  1889 | D:3      | Found a shattered altar of Ashenzari.
  2276 | D:3      | Reached XP level 5. HP: 52/52 MP: 4/4
  2727 | D:3      | Found a white marble altar of Elyvilon.
  2981 | D:4      | Reached skill level 4 in Dodging
  3097 | D:4      | Reached *** piety under Trog
  3196 | D:4      | Noticed Duvessa
  3198 | D:4      | Noticed Dowan
  3214 | D:4      | Killed Duvessa
  3214 | D:4      | Reached XP level 6. HP: 42/61 MP: 5/5
  3243 | D:4      | Killed Dowan
  3243 | D:4      | Reached skill level 5 in Dodging
  3388 | D:4      | Found a glowing drain.
  3397 | Sewer    | Entered a sewer
  3633 | Sewer    | Reached XP level 7. HP: 66/67 MP: 6/6
  3650 | Sewer    | Reached **** piety under Trog
  4321 | D:4      | Found Ynlenin's Antique Weapon Emporium.
  4483 | D:5      | Entered Level 5 of the Dungeon
  4483 | D:5      | Noticed Menkaure
  4497 | D:5      | Killed Menkaure
  4688 | D:5      | Found a bloodstained altar of Trog.
  4804 | D:5      | Noticed Grinder
  4841 | D:5      | Paralysed by Grinder for 3 turns
  4850 | D:5      | Killed Grinder
  4850 | D:5      | Reached skill level 6 in Dodging
  4850 | D:5      | Reached skill level 1 in Stealth
  4946 | D:5      | Reached XP level 8. HP: 78/78 MP: 7/7
  5201 | D:5      | Noticed Pikel
  5235 | D:5      | Killed Pikel
  5235 | D:5      | Reached skill level 7 in Dodging
  5346 | D:5      | Got a jewelled hand axe
  5347 | D:5      | Identified the +6 hand axe "Zett" {pain, *Rage rF+ MP+9} (You found it on level 5 of the Dungeon)
  6610 | D:6      | Found a shadowy altar of Dithmenos.
  6630 | D:6      | Reached skill level 8 in Dodging
  6630 | D:6      | Reached XP level 9. HP: 81/87 MP: 8/8
  6775 | D:7      | Found a sand-covered staircase.
  6789 | Ossuary  | Entered an ossuary
  7205 | D:7      | Reached skill level 5 in Long Blades
  7288 | D:7      | Found an oddly glowing altar of Pakellas.
  7398 | D:7      | Reached skill level 5 in Fighting
  7400 | D:7      | Gained mutation: You are frail (-10% HP). [potion of mutation]
  7400 | D:7      | Gained mutation: Your body sometimes deteriorates upon taking damage. [potion of mutation]
  7400 | D:7      | Gained mutation: Armour fits poorly on your strangely shaped body. [potion of mutation]
  7401 | D:7      | Lost mutation: Armour fits poorly on your strangely shaped body. [potion of cure mutation]
  7401 | D:7      | Lost mutation: You are frail (-10% HP). [potion of cure mutation]
  7401 | D:7      | Lost mutation: Your body sometimes deteriorates upon taking damage. [potion of cure mutation]
  7402 | D:7      | Gained mutation: You are partially covered in yellow scales (AC +2). [potion of beneficial mutation]
  7424 | D:7      | Found a radiant altar of Vehumet.
  7457 | D:7      | Found a bloodstained altar of Trog.
  7457 | D:7      | Found an iron altar of Okawaru.
  7525 | D:7      | Found a staircase to the Ecumenical Temple.
  7531 | Temple   | Entered the Ecumenical Temple
  8115 | D:7      | Reached ***** piety under Trog
  8430 | D:8      | Found a burning altar of Makhleb.
  8572 | D:8      | Reached skill level 9 in Dodging
  9117 | D:8      | Found an oddly glowing altar of Pakellas.
  9140 | D:8      | Reached XP level 10. HP: 90/98 MP: 9/9
  9485 | D:9      | Received a gift from Trog
  9625 | D:9      | Found a runed door.
  9661 | D:9      | Found a basalt altar of Yredelemnul.
 10297 | D:10     | Entered Level 10 of the Dungeon
 10312 | D:10     | Reached skill level 10 in Dodging
 10421 | D:10     | Found a staircase to the Lair.
 10523 | D:10     | Received a gift from Trog
 10538 | D:10     | Got a bone triple sword {god gift}
 10539 | D:10     | Identified the +7 triple sword "Vesioba" {drain, rElec Int+2} (Trog gifted it to you on level 10 of the Dungeon)
 10549 | D:10     | Found a staircase to the Orcish Mines.
 11053 | D:10     | Noticed a hill giant
 11066 | D:10     | Killed a hill giant
 11209 | D:10     | Found a glowing golden altar of the Shining One.
 11368 | Lair:1   | Entered Level 1 of the Lair of Beasts
 11600 | Lair:1   | Reached XP level 11. HP: 107/107 MP: 10/10
 11614 | Lair:1   | Reached skill level 11 in Dodging
 11743 | Lair:1   | Noticed Gastronok
 11762 | Lair:1   | Killed Gastronok
 12295 | Lair:2   | Identified a scroll of acquirement
 12351 | Lair:2   | Found a frozen archway.
 12382 | IceCv    | Entered an ice cave
 12419 | IceCv    | Engulfed by a cloud of freezing vapour

Skill      XL: |  1  2  3  4  5  6  7  8  9 10 11 |
---------------+----------------------------------+-----
Dodging        | 3 4 5 6 8 9 10 11 | 11.7
Throwing       | 1 2 |  2.0
Long Blades    | 3 4 5 6 7 |  7.9
Fighting       | 3 4 5 6 7 |  7.4
Stealth        | 1 2 |  2.3

Action                   |  1- 3 |  4- 6 |  7- 9 | 10-12 || total
-------------------------+-------+-------+-------+-------++-------
Melee: Falchion          |   137 |   247 |   809 |   290 ||  1483
       Triple sword      |       |       |       |   185 ||   185
Throw: Stone             |    22 |    28 |    15 |     5 ||    70
Invok: Berserk           |     1 |     7 |    12 |     6 ||    26
       Burn Spellbooks   |     1 |     1 |       |       ||     2
       Trog's Hand       |       |     1 |     4 |     2 ||     7
       Brothers in Arms  |       |       |       |     1 ||     1
  Use: Potion            |     2 |     5 |     7 |     5 ||    19
       Scroll            |     5 |     2 |    17 |     6 ||    30
 Stab: Sleeping          |       |       |     2 |     1 ||     3
  Eat: Chunk             |    13 |    13 |    39 |    18 ||    83
       Meat ration       |     1 |       |     2 |     2 ||     5
       Fruit             |       |     2 |     3 |       ||     5
       Bread ration      |       |     2 |     4 |     1 ||     7
       Pizza             |       |     1 |       |       ||     1
       Royal jelly       |       |       |     1 |       ||     1
Armor: Animal skin       |   102 |   155 |   104 |       ||   361
       Robe              |       |       |   245 |   330 ||   575
Dodge: Dodged            |   104 |   186 |   551 |   529 ||  1370
